 Dungeon Crawl Stone Soup version 0.18-a0-1293-g5a2c81a (webtiles) character file.

13939 nuthulu the Fighter (level 12, -3/86 HPs)
             Began as a Gargoyle Fighter on Feb 10, 2016.
             Was a High Priest of Okawaru.
             Slain by an eight-headed hydra (8 damage)
             ... on level 1 of the Lair of Beasts.
             The game lasted 00:20:28 (11458 turns).

nuthulu the Fighter (Gargoyle Fighter)             Turns: 11458, Time: 00:20:29

Health: -3/86      AC: 31    Str: 20    XL:     12   Next: 11%
Magic:  11/12      EV:  3    Int: 10    God:    Okawaru [*****.]
Gold:   457        SH: 10    Dex: 13    Spells: 0 memorised, 11 levels left

rFire  . . .     SeeInvis .     o - +4 flail (protect)
rCold  . . .     Gourm    .     E - +0 plate armour
rNeg   + + .     Faith    .     c - +1 shield
rPois  ∞         Spirit   .     k - +2 helmet
rElec  +         Dismiss  .     l - +2 cloak
rCorr  .         Reflect  .     (no gloves)
SustAt .         Harm     .     (no boots)
MR     .....                    (no amulet)
Stlth  ..........               G - ring of flight
                                q - ring of positive energy

@: flying, not resistant to hostile enchantments, extremely unstealthy
A: negative energy resistance 1, electricity resistance, unbreathing,
petrification resistance, rot immunity, AC +8
a: Heroism, Finesse, Renounce Religion


You were on level 1 of the Lair of Beasts.
You worshipped Okawaru.
Okawaru was extremely pleased with you.
You were not hungry.

You visited 2 branches of the dungeon, and saw 13 of its levels.
You also visited: Ossuary.

You collected 457 gold pieces.

Inventory:

Hand Weapons
 a - a +0 flail
 o - a +4 flail of protection (weapon)
Armour
 b - a +0 scale mail
 c - a +1 shield (worn)
 k - a +2 helmet (worn)
 l - a +2 cloak (worn)
 E - a +0 plate armour (worn)
Jewellery
 q - a ring of positive energy (left hand)
 F - an uncursed ring of magical power
 G - a ring of flight (right hand)
Wands
 t - a wand of teleportation (3/9)
 x - a wand of random effects (33/48)
 y - a wand of polymorph (13/24)
 B - a wand of flame (25/48)
 C - a wand of flame (25/48)
Scrolls
 d - 2 scrolls of amnesia
 i - 4 scrolls of remove curse
 n - a scroll of recharging
 v - 4 scrolls of identify
Potions
 g - a potion of curing
 j - 2 potions of ambrosia
 s - a potion of cancellation
Comestibles
 f - 5 bread rations
 h - 3 meat rations
 m - 14 fruits
 p - 4 beef jerkies
 u - 2 royal jellies
 D - 7 slices of pizza


   Skills:
 + Level 14.5 Fighting
 + Level 13.3 Maces & Flails
 - Level 3.2 Armour
 - Level 3.2 Shields


You had 11 spell levels left.
You didn't know any spells.

Dungeon Overview and Level Annotations

Branches:
Dungeon (12/15)            Temple (0/1) D:7            Lair (1/8) D:11
    Orc (0/2) D:11

Altars:
Ashenzari
Cheibriados
Dithmenos
Elyvilon
Fedhas
Gozag
Kikubaaqudgha
Nemelex Xobeh
Okawaru
Pakellas
Sif Muna
Trog
Yredelemnul
Zin
The Shining One


Innate Abilities, Weirdness & Mutations

You are resistant to torment.
Your stone body is resilient (AC +8).
You are immune to poison.
You resist negative energy.
You are resistant to electric shocks.
You can survive without breathing.
You are immune to petrification.
You are immune to rotting.


Message History

The eight-headed hydra bites you but does no damage. x4
You block the eight-headed hydra's attack. x2
The eight-headed hydra bites you but does no damage.
The eight-headed hydra bites you.
* * * LOW HITPOINT WARNING * * *
The giant frog hits you but does no damage.
You bludgeon the eight-headed hydra!!
The eight-headed hydra is heavily wounded.
The eight-headed hydra bites you!
* * * LOW HITPOINT WARNING * * *
You block the eight-headed hydra's attack.
The eight-headed hydra bites you but does no damage.
The eight-headed hydra bites you.
* * * LOW HITPOINT WARNING * * *
The eight-headed hydra bites you but does no damage.
The eight-headed hydra barely misses you.
The eight-headed hydra bites you.
* * * LOW HITPOINT WARNING * * *
The eight-headed hydra bites you!
You die...

.................
................#...###
................##..#
#...............##.#
#.........#....##.###.
#..........##....##...
###...........##........
........D.............##
.......@F...........###
#####################


You could see an eight-headed hydra and a giant frog.

Vanquished Creatures
  Gastronok (D:10)
  Josephine (D:10)
  4 hill giants
  Joseph (D:8)
  A spiny frog (Lair:1)
  A troll (D:9)
  A two-headed ogre (D:10)
  A wyvern (D:10)
  Sigmund (D:4)
  6 wraiths
  A human (D:8)
  6 yaks
  A water elemental (D:11)
  A hippogriff (D:10)
  A hungry ghost (D:10)
  A wolf (D:12)
  Duvessa (D:5)
  11 ice beasts
  3 orc warriors
  3 sky beasts
  A black bear (D:10)
  5 phantoms
  A wasp (D:11)
  2 necrophages
  3 ogres
  A crocodile (D:10)
  3 centaurs
  2 big kobolds (D:7)
  7 giant frogs
  Dowan (D:5)
  A water moccasin zombie (D:8)
  A scorpion (D:4)
  10 killer bees
  4 electric eels (D:11)
  2 crimson imps
  3 giant frog skeletons
  A wasp zombie (D:11)
  A centaur zombie (D:6)
  4 orc priests
  11 hounds
  5 jellies
  5 iguanas
  11 orc wizards
  4 worker ants
  A killer bee zombie (D:8)
  4 sheep (D:8)
  A hound skeleton (D:5)
  A worker ant zombie (D:11)
  A mummy (Ossuary)
  12 adders
  10 gnolls
  4 shadow imps
  An ooze (D:3)
  An adder zombie (D:5)
  3 worms
  7 giant geckos
  39 orcs
  5 bats
  A giant cockroach (D:4)
  A gnoll zombie (D:5)
  4 goblins
  6 hobgoblins
  7 jackals
  2 quokkas
  A ball python (D:4)
  A giant gecko skeleton (D:4)
  9 giant newts
  5 gnoll skeletons (Ossuary)
  A hobgoblin zombie (D:5)
  A jackal skeleton (D:4)
  13 kobolds
  9 kobold skeletons (Ossuary)
  11 orc skeletons (Ossuary)
  A quokka skeleton (D:4)
  4 rats
  A rat zombie (D:5)
304 creatures vanquished.

Notes
Turn   | Place    | Note
--------------------------------------------------------------
     0 | D:1      | nuthulu the Gargoyle Fighter began the quest for the Orb.
     0 | D:1      | Reached XP level 1. HP: 14/14 MP: 1/1
   343 | D:1      | Reached XP level 2. HP: 19/19 MP: 2/2
   834 | D:2      | Found a glowing golden altar of the Shining One.
   843 | D:2      | Reached XP level 3. HP: 22/24 MP: 3/3
  1003 | D:2      | Found an opulent altar of Gozag.
  1148 | D:2      | Reached skill level 4 in Fighting
  1290 | D:2      | Found a blossoming altar of Fedhas.
  1464 | D:3      | Reached XP level 4. HP: 30/30 MP: 4/4
  1510 | D:2      | Reached skill level 5 in Fighting
  1510 | D:2      | Reached XP level 5. HP: 16/35 MP: 5/5
  1955 | D:3      | Found a shattered altar of Ashenzari.
  2408 | D:3      | Reached XP level 6. HP: 40/40 MP: 6/6
  2782 | D:4      | Found a sparkling altar of Nemelex Xobeh.
  3037 | D:4      | Noticed a phantom
  3087 | D:4      | Killed a phantom
  3087 | D:4      | Reached skill level 6 in Fighting
  3087 | D:4      | Reached skill level 5 in Maces & Flails
  3191 | D:4      | Reached XP level 7. HP: 15/47 MP: 7/7
  3389 | D:4      | Noticed Sigmund
  3411 | D:4      | Killed Sigmund
  3411 | D:4      | Reached skill level 7 in Fighting
  3823 | D:5      | Entered Level 5 of the Dungeon
  3923 | D:5      | Found a sand-covered staircase.
  3939 | Ossuary  | Entered an ossuary
  3939 | Ossuary  | Noticed a wraith
  3939 | Ossuary  | Noticed a wraith
  3939 | Ossuary  | Noticed a wraith
  4019 | Ossuary  | Noticed a wraith
  4030 | Ossuary  | Killed a wraith
  4030 | Ossuary  | Reached XP level 8. HP: 54/54 MP: 8/8
  4441 | D:5      | Reached skill level 8 in Fighting
  4442 | D:5      | Found a basalt altar of Yredelemnul.
  4533 | D:5      | Noticed Duvessa
  4534 | D:5      | Noticed Dowan
  4548 | D:5      | Killed Duvessa
  4561 | D:5      | Killed Dowan
  4820 | D:5      | Found an oddly glowing altar of Pakellas.
  4861 | D:5      | Found a snail-covered altar of Cheibriados.
  4866 | D:5      | Found a white marble altar of Elyvilon.
  5004 | D:5      | Reached skill level 9 in Fighting
  5056 | D:5      | Found a bloodstained altar of Trog.
  5173 | D:6      | Reached XP level 9. HP: 54/60 MP: 9/9
  5429 | D:6      | Found an iron altar of Okawaru.
  5432 | D:6      | Found a deep blue altar of Sif Muna.
  5438 | D:6      | Became a worshipper of Warmaster Okawaru
  5558 | D:6      | Found a glowing silver altar of Zin.
  5559 | D:6      | Noticed an angel
  5799 | D:7      | Found a shadowy altar of Dithmenos.
  5933 | D:7      | Reached skill level 10 in Fighting
  6153 | D:7      | Reached * piety under Okawaru
  6308 | D:7      | Found a staircase to the Ecumenical Temple.
  6915 | D:8      | Reached skill level 11 in Fighting
  6918 | D:8      | Reached skill level 10 in Maces & Flails
  6918 | D:8      | Reached XP level 10. HP: 58/69 MP: 7/10
  7091 | D:8      | Reached ** piety under Okawaru
  7197 | D:8      | Noticed Joseph
  7480 | D:8      | Killed Joseph
  8277 | D:9      | Reached skill level 12 in Fighting
  8282 | D:9      | Reached *** piety under Okawaru
  8314 | D:9      | Found a basalt altar of Yredelemnul.
  8471 | D:10     | Entered Level 10 of the Dungeon
  8596 | D:10     | Noticed Gastronok
  8634 | D:10     | Killed Gastronok
  8634 | D:10     | Reached **** piety under Okawaru
  8634 | D:10     | Reached XP level 11. HP: 38/77 MP: 11/11
  8935 | D:10     | Noticed a hill giant
  8949 | D:10     | Killed a hill giant
  8949 | D:10     | Reached skill level 13 in Fighting
  9156 | D:10     | Noticed Josephine
  9161 | D:10     | Reached ***** piety under Okawaru
  9177 | D:10     | Killed Josephine
  9193 | D:10     | Received a gift from Okawaru
  9925 | D:10     | Noticed a hill giant
  9937 | D:10     | Killed a hill giant
 10284 | D:11     | Found an ancient bone altar of Kikubaaqudgha.
 10388 | D:11     | Noticed a hill giant
 10708 | D:12     | Killed a hill giant
 10708 | D:12     | Received a gift from Okawaru
 10708 | D:12     | Reached skill level 14 in Fighting
 11188 | D:11     | Noticed a hill giant
 11196 | D:11     | Reached XP level 12. HP: 77/85 MP: 9/12
 11277 | D:11     | Found a staircase to the Lair.
 11306 | Lair:1   | Entered Level 1 of the Lair of Beasts
 11427 | Lair:1   | Noticed an eight-headed hydra
 11458 | Lair:1   | Slain by an eight-headed hydra

Vault maps used:
D:1:      dpeg_arrival_windows_large_door
D:2:      marbit_many_paths, fedhas_altar_fruit_tree, old_standard_altar,
          first_bread
D:3:      nicolae_ashenzari_panopticon
D:4:      nemelex_deck, uniq_sigmund
D:5:      lightli_temple_of_fire, kennysheep_mini_moat, minitemple,
          enter_ossuary_3, basic_altar, uniq_duvessa
D:6:      zin_angel, okawaru_metal_pillars_1_2, nicolae_overflow_hidden_temple
D:7:      kennysheep_little_box, minmay_temple_entry_nine_rooms
D:8:      grunt_livestock, uniq_joseph
D:9:      lemuel_doored_altar
D:10:     st_stairs_5, minmay_stone_trees_large, uniq_josephine, uniq_gastronok
D:11:     erik_lair_island, david_orc_5, portal_ice_cave_entry_ice_beasts,
          basic_altar, minivault_19
D:12:     eino_tiny_chamber, uniq_sonja, uniq_nergalle, uniq_harold
Lair:1:   wad_woods_03, lemuel_fruit_fields, grunt_megastairs_2
Ossuary:  ossuary_due_mausoleum

Action                   |  1- 3 |  4- 6 |  7- 9 | 10-12 || total
-------------------------+-------+-------+-------+-------++-------
Melee: Flail             |   114 |   176 |   473 |   637 ||  1400
Invok: Heroism           |       |       |     1 |    18 ||    19
  Use: Scroll            |     7 |     5 |     7 |     9 ||    28
       Potion            |       |     1 |     5 |     8 ||    14
  Eat: Chunk             |     2 |     6 |    12 |    10 ||    30
       Bread ration      |       |       |       |     2 ||     2
       Meat ration       |       |       |       |     1 ||     1
